 Dungeon Crawl Stone Soup version 0.29-a0-330-g52719c12eb (webtiles) character file.

Game seed: 9395150061101495651

1213 kae the Firebug (level 8, 0/57 HPs)
             Began as a Demigod Fire Elementalist on May 19, 2022.
             Slain by Maggie
             ... wielding a +0 broad axe of flaming
              (18 damage)
             ... on level 5 of the Dungeon.
             The game lasted 00:03:56 (6357 turns).

kae the Firebug (Demigod Fire Elementalist)         Turns: 6357, Time: 00:03:57

Health: 0/57       AC:  6    Str:  9    XL:     8   Next: 2%
Magic:  20/26      EV: 12    Int: 25    God:
Gold:   253        SH:  0    Dex: 14    Spells: 2/15 levels left

rFire   . . .      SeeInvis .   d - +1 dagger
rCold   . . .      Faith    .   (no shield)
rNeg    . . .      Spirit   .   a - +1 robe
rPois   .          Reflect  .   o - +2 helmet
rElec   .          Harm     .   (no cloak)
rCorr   .          Rampage  .   (no gloves)
Will    +....                   (no boots)
Stlth   ++........              (no amulet)
HPRegen 0.19/turn               f - ring of magical power
MPRegen 0.20/turn               p - ring of willpower

@: brilliant, mesmerised
A: high MP 1, forlorn, divine attributes
a: no special abilities


You were on level 5 of the Dungeon.
You visited 1 branch of the dungeon, and saw 6 of its levels.

You collected 253 gold pieces.

Inventory:

Hand Weapons
 d - a +1 dagger (weapon)
Armour
 a - a +1 robe (worn)
 o - a +2 helmet (worn)
Jewellery
 f - a ring of magical power (left hand)
 p - a ring of willpower (right hand)
Wands
 l - a wand of polymorph (4)
Scrolls
 k - a scroll of magic mapping
 n - a scroll of enchant armour
Potions
 b - 2 potions of magic
 c - a potion of flight
 e - a potion of ambrosia
 g - 4 potions of curing
 h - 2 potions of haste
 i - 2 potions of brilliance


   Skills:
 - Level 1.7 Dodging
 - Level 1.7 Stealth
 + Level 4.0 Spellcasting
 * Level 5.6 Conjurations
 * Level 6.3 Fire Magic


You had 2 spell levels left.
You knew the following spells:

 Your Spells              Type           Power      Damage    Failure   Level
a - Foxfire               Conj/Fire      100%       2x1d9     1%          1
b - Scorch                Fire           100%       2d10      1%          2
c - Conjure Flame         Conj/Fire      51%        6-21      2%          3
d - Inner Flame           Hex/Fire       31%        N/A       8%          3
e - Flame Wave            Conj/Fire      51%        2d10      8%          4

Your spell library contained the following spells:

 Spells                   Type           Power      Damage    Failure   Level
 Sandblast                Erth           14%        2d6       9%          1
 Passwall                 Tmut/Erth      5%         N/A       14%         2
 Stone Arrow              Conj/Erth      56%        3d10      9%          3


Dungeon Overview and Level Annotations

Branches:
Dungeon (6/15)             Temple (0/1) D:4

Annotations:
D:5 Maggie


Innate Abilities, Weirdness & Mutations

You have an increased reservoir of magic. (+10% MP)
You shall have no god before yourself.
Your divine heritage dramatically boosts your attributes as you level up.


Message History

Maggie attempts to bespell you!
You easily resist.
Casting: Scorch (safe; 1% risk of failure)
Confirm with . or Enter, or press ? or * to list all spells.
Flames lash Maggie.
Maggie is burned terribly!
Maggie is moderately wounded.
A necrophage comes into view.
Maggie hits you with a +0 broad axe of flaming!
Maggie burns you.
Maggie hits you with a +0 broad axe of flaming!
Maggie burns you. Maggie barely misses you.
You climb upwards.
There is a stone staircase leading down here.
Okay, then.
It was a potion of brilliance.
You feel clever all of a sudden. Maggie barely misses you.
You feel better.
Maggie casts a spell.
Maggie attempts to bespell you!
You are mesmerised by Maggie!
Casting: Scorch (safe; 1% risk of failure)
Confirm with . or Enter, or press ? or * to list all spells.
You feel a surge of power!
Flames lash Maggie.
Maggie is burned terribly!
Maggie is severely wounded.
Maggie barely misses you.
Maggie hits you with a +0 broad axe of flaming.
Maggie burns you.
Casting: Scorch (safe; 1% risk of failure)
Confirm with . or Enter, or press ? or * to list all spells.
You feel a surge of power!
Flames lash Maggie.
Maggie is burned terribly!
Maggie is almost dead.
Maggie hits you with a +0 broad axe of flaming!
* * * LOW HITPOINT WARNING * * *
Maggie burns you.
* * * LOW HITPOINT WARNING * * *
Maggie barely misses you.
You feel better.
Maggie hits you with a +0 broad axe of flaming!!
You die...

#.####.# ##.....##
#.####.# ##...## #
#....#.# ##'## #
#......# #.# #
####.### #.# # #.#
##.## # #####.####
##...##
#....@...###.....#####
#.###@##.#............
#.# #.##.#.##.....####
#.# #..........##.#
#.# ####.#.###.##.#
#.# #.#.###.##.#
#.######.#....)...#
#........#####.####
########## #.# ### #.#
###


You could see Maggie (mesmerising, combustible).

Vanquished Creatures
  A rime drake (D:5)
  Sigmund (D:3)
  A black bear (D:3)
  A lemure (D:5)
  A scorpion (D:5)
  2 necrophages
  3 hounds
  A gnoll shaman (D:3)
  Terence (D:3)
  4 iguanas (D:5)
  14 gnolls
  5 adders
  2 ufetubi (D:5)
  4 worms
  2 dart slugs
  2 orcs
  5 bats
  9 endoplasms
  2 giant cockroaches
  8 goblins
  5 hobgoblins
  3 kobolds
  10 quokkas
  8 ball pythons
  6 frilled lizards
  5 rats
106 creatures vanquished.

Vanquished Creatures (others)
  371 foxfires
371 creatures vanquished.

Grand Total: 477 creatures vanquished

Notes
Turn   | Place    | Note
-------+----------+-------------------------------------------
     0 | D:1      | kae the Demigod Fire Elementalist began the quest for the
                  | Orb.
     0 | D:1      | Reached XP level 1. HP: 14/14 MP: 5/5
    67 | D:1      | Reached skill level 1 in Conjurations
   270 | D:1      | Reached skill level 3 in Fire Magic
   270 | D:1      | Reached XP level 2. HP: 12/20 MP: 0/7
  1436 | D:2      | Reached XP level 3. HP: 26/26 MP: 8/8
  1613 | D:2      | Learned a level 2 spell: Scorch
  2187 | D:2      | Reached XP level 4. HP: 33/33 MP: 10/10
  2191 | D:2      | Learned a level 3 spell: Conjure Flame
  2874 | D:3      | Noticed a black bear
  2881 | D:3      | Killed a black bear
  2882 | D:3      | Reached skill level 4 in Fire Magic
  2882 | D:3      | Reached XP level 5. HP: 38/38 MP: 11/11
  2995 | D:3      | Noticed Terence
  3301 | D:3      | Killed Terence
  3533 | D:3      | Noticed Sigmund
  3541 | D:3      | Killed Sigmund
  3542 | D:3      | Reached XP level 6. HP: 45/45 MP: 13/13
  3708 | D:3      | Learned a level 3 spell: Inner Flame
  4420 | D:4      | Reached skill level 5 in Fire Magic
  4564 | D:4      | Found a staircase to the Ecumenical Temple.
  4767 | D:4      | Reached XP level 7. HP: 50/50 MP: 15/15
  4921 | D:5      | Entered Level 5 of the Dungeon
  5179 | D:5      | Noticed Pikel
  5193 | D:5      | Noticed Pikel
  5193 | D:5      | Pikel changed into Pikel the rime drake
  5198 | D:5      | Killed Pikel the rime drake
  5199 | D:5      | Reached skill level 5 in Conjurations
  5455 | D:5      | Reached skill level 6 in Fire Magic
  5722 | D:5      | Learned a level 4 spell: Flame Wave
  5921 | D:5      | Reached XP level 8. HP: 50/57 MP: 17/17
  6269 | D:6      | Noticed Maggie
  6357 | D:5      | Slain by Maggie

Illustrated notes

Levels and vault maps discovered:
D:1:      sevenhm_arrival_forest_fort_large_1, layout_basic,
          ebering_ecumenical_altar_abandoned
D:2:      layout_basic, minmay_strange_pillars
D:3:      layout_loops_cross, mainiacjoe_overflow_cross_hatched,
          hangedman_ru_absence, kennysheep_nub, uniq_terence, uniq_sigmund
D:4:      layout_rooms, mainiacjoe_overflow_surrounded_room,
          minmay_temple_entry_waves
D:5:      layout_loops_corners, mainiacjoe_overflow_alcove_2,
          minmay_diced_spiral, uniq_pikel
D:6:      layout_rooms, mainiacjoe_overflow_chevrons, minivault_23, uniq_maggie

Skill      XL: |  1  2  3  4  5  6  7 |
---------------+----------------------+-----
Conjurations   | 1 2 3 4 5 |  5.6
Fire Magic     | 3 4 5 6 |  6.3
Spellcasting   | 2 3 4 |  4.0
Dodging        | |  1.7
Stealth        | |  1.7

Action                   |  1- 3 |  4- 6 |  7- 9 || total
-------------------------+-------+-------+-------++-------
Melee: Dagger            |    21 |     3 |     4 ||    28
       Unarmed           |     3 |       |       ||     3
       Punch             |       |       |     1 ||     1
 Cast: Foxfire           |    73 |    99 |    52 ||   224
       Scorch            |     4 |    22 |    16 ||    42
Evoke: Wand              |       |       |     1 ||     1
  Use: Scroll            |     4 |     9 |     4 ||    17
       Potion            |       |     1 |     4 ||     5
 Stab: Sleeping          |       |     1 |       ||     1
Armor: Robe              |     7 |     4 |     7 ||    18
Dodge: Dodged            |    27 |    36 |    19 ||    82

Table legend: (Time is in decaauts)
 A = Elapsed time spent in this place.
 B = Non-inter-level travel time spent in this place.
 C = Inter-level travel time spent in this place.
 D = Time resting spent in this place.
 E = Time spent auto-exploring this place.
 F = Levels seen in this place.
 G = Mean time per level.
                   A        B        C        D        E       F      G
               +--------+--------+--------+--------+--------+-----+--------+
         Total |   6366 |   6194 |    172 |    590 |   4652 |   6 | 1061.0 |
       Dungeon |   6366 |   6194 |    172 |    590 |   4652 |   6 | 1061.0 |
               +--------+--------+--------+--------+--------+-----+--------+

Top non-repeatable levels by time:
     D:2: 1428 daAuts
     D:5: 1410 daAuts
     D:3: 1364 daAuts
     D:1: 1360 daAuts
     D:4: 766 daAuts
     D:6: 36 daAuts
